MLB
SAN DIEGO PADRES @ ARIZONA DIAMONDBACKS
07/15/2048
 
TOP OF THE 1ST
San Diego Padres batting - Pitching for Arizona Diamondbacks : RHP Marcus Wolfe
Pitching: RHP Marcus Wolfe
Batting: RHB Hildo Pot 0-0: Ball
1-0: Ball
2-0: Swinging Strike
2-1: Foul Ball, location: 2F
2-2: Ball
3-2: Strikes out looking
Batting: SHB Phil Zacharia 0-0: Called Strike
0-1: Ball
1-1: Ball
2-1: Ball
3-1: Foul Ball, location: 2F
3-2: Foul Ball, location: 2F
3-2: Base on Balls
Batting: RHB Elijah Campbell 0-0: Called Strike
0-1: Foul Ball, location: 2F
0-2: Strikes out swinging
Batting: LHB Mike Holt 0-0: Ball
1-0: Ball
2-0: Swinging Strike
2-1: Fielders Choice at 2nd, U4 (Groundball, 4M, EV 83.8 MPH)
Top of the 1st over - 0 runs, 0 hits, 0 errors, 1 left on base; San Diego 0 - Arizona 0
BOTTOM OF THE 1ST
Arizona Diamondbacks batting - Pitching for San Diego Padres : RHP Isaac Spikes
Pitching: RHP Isaac Spikes
Batting: RHB Katilimomi Kelekolio 0-0: Foul Ball, location: 2F
0-1: Called Strike
0-2: Ball
1-2: Strikes out swinging
Batting: LHB Roy Steigerwald 0-0: Ball
1-0: Called Strike
1-1: Ball
2-1: Swinging Strike
2-2: Foul Ball, location: 2F
2-2: Fly out, F8 (Line Drive, 8RM, EV 100.6 MPH)
Batting: LHB Jason Peck 0-0: Foul Ball, location: 2F
0-1: Fly out, F8 (Flyball, 8LM, EV 93.8 MPH)
Bottom of the 1st over - 0 runs, 0 hits, 0 errors, 0 left on base; San Diego 0 - Arizona 0
TOP OF THE 2ND
San Diego Padres batting - Pitching for Arizona Diamondbacks : RHP Marcus Wolfe
Batting: RHB Kaeo Zirpoli 0-0: Called Strike
0-1: Called Strike
0-2: Ball
1-2: Strikes out looking
Batting: RHB Hugo Bautista 0-0: Foul Ball, location: 2F
0-1: Swinging Strike
0-2: Ball
1-2: Ball
2-2: Ground out 5-3 (Groundball, 56S, EV 86.2 MPH)
Batting: RHB Luis Torres 0-0: Ball
1-0: Foul Ball, location: 2F
1-1: Ball
2-1: Ball
3-1: SINGLE (Groundball, 6MD, EV 81.9 MPH) (infield hit)
Batting: RHB Eisse Bravenboer 0-0: Foul Ball, location: 2F
0-1: Called Strike
0-2: Ball
1-2: Hit by Pitch
Luis Torres to second
Batting: RHB Masashi Yukizawa 0-0: Ground out 6-3 (Groundball, 6MS, EV 66.9 MPH)
Top of the 2nd over - 0 runs, 1 hit, 0 errors, 2 left on base; San Diego 0 - Arizona 0
BOTTOM OF THE 2ND
Arizona Diamondbacks batting - Pitching for San Diego Padres : RHP Isaac Spikes
Batting: LHB Joel Kunkler 0-0: Foul Ball, location: 2F
0-1: Ground out U3 (Groundball, 3, EV 103.1 MPH)
Batting: RHB Andy Swaim 0-0: Ball
1-0: Foul Ball, location: 2F
1-1: Ball
2-1: Called Strike
2-2: Strikes out swinging
Batting: LHB Mike Mentzer 0-0: Ball
1-0: Ball
2-0: Called Strike
2-1: Foul Ball, location: 2F
2-2: Ball
3-2: Base on Balls
Batting: RHB Bob Najar 0-0: Ball
Mike Mentzer steals 2nd base
1-0: Foul Ball, location: 2F
1-1: SINGLE (Line Drive, 56D, EV 102.5 MPH)
Mike Mentzer to third
Runner from 3rd tries for Home, throw by LF and OUT! 7-2
Bottom of the 2nd over - 0 runs, 1 hit, 0 errors, 1 left on base; San Diego 0 - Arizona 0
TOP OF THE 3RD
San Diego Padres batting - Pitching for Arizona Diamondbacks : RHP Marcus Wolfe
Batting: RHB Hildo Pot 0-0: Ball
1-0: Ball
2-0: Ball
3-0: Base on Balls
Batting: SHB Phil Zacharia 0-0: Ball
1-0: Foul Ball, location: 2F
1-1: Ball
2-1: Ball
3-1: Foul Ball, location: 2F
3-2: Ground out 6-3 (Groundball, 6, EV 85.0 MPH)
Hildo Pot to second
Batting: RHB Elijah Campbell 0-0: Ground out 6-3 (Groundball, 6S, EV 88.1 MPH)
Hildo Pot to third
Batting: LHB Mike Holt 0-0: Called Strike
0-1: Swinging Strike
0-2: Ball
1-2: Ball
2-2: Ball
3-2: Foul Ball, location: 2F
3-2: Foul Ball, location: 2F
3-2: Strikes out swinging
Top of the 3rd over - 0 runs, 0 hits, 0 errors, 1 left on base; San Diego 0 - Arizona 0
BOTTOM OF THE 3RD
Arizona Diamondbacks batting - Pitching for San Diego Padres : RHP Isaac Spikes
Batting: LHB Bobby Arevalo 0-0: Ball
1-0: Ground out U3 (Groundball, 3, EV 102.5 MPH)
Batting: RHB Marlon Reda 0-0: Ball
1-0: SOLO HOME RUN (Flyball, 9LD, EV 98.8 MPH), Distance : 358 ft
Batting: RHB Katilimomi Kelekolio 0-0: Ball
1-0: Ball
2-0: Foul Ball, location: 2F
2-1: Foul Ball, location: 2F
2-2: Ball
3-2: Fly out, F8 (Flyball, 89M, EV 88.1 MPH)
Batting: LHB Roy Steigerwald 0-0: Ball
1-0: Ball
2-0: Ball
3-0: Called Strike
3-1: Foul Ball, location: 2F
3-2: Strikes out swinging
Bottom of the 3rd over - 1 run, 1 hit, 0 errors, 0 left on base; San Diego 0 - Arizona 1
TOP OF THE 4TH
San Diego Padres batting - Pitching for Arizona Diamondbacks : RHP Marcus Wolfe
Batting: RHB Kaeo Zirpoli 0-0: Ball
1-0: Foul Ball, location: 2F
1-1: Called Strike
1-2: Ball
2-2: Foul Ball, location: 2F
2-2: Foul Ball, location: 2F
2-2: Foul Ball, location: 2F
2-2: Ball
3-2: Fly out, F9 (Flyball, 89M, EV 89.4 MPH)
Batting: RHB Hugo Bautista 0-0: Called Strike
0-1: Called Strike
0-2: Foul Ball, location: 2F
0-2: Strikes out swinging
Batting: RHB Luis Torres 0-0: Ball
1-0: Ball
2-0: Foul Ball, location: 2F
2-1: Ball
3-1: SOLO HOME RUN (Flyball, 8RXD, EV 113.1 MPH), Distance : 442 ft
Batting: RHB Eisse Bravenboer 0-0: Foul Ball, location: 2F
0-1: Ball
1-1: Ball
2-1: Foul Ball, location: 2F
2-2: Foul Ball, location: 2F
2-2: Strikes out looking
Top of the 4th over - 1 run, 1 hit, 0 errors, 0 left on base; San Diego 1 - Arizona 1
BOTTOM OF THE 4TH
Arizona Diamondbacks batting - Pitching for San Diego Padres : RHP Isaac Spikes
Batting: LHB Jason Peck 0-0: Swinging Strike
0-1: Ball
1-1: Ball
2-1: SINGLE (Line Drive, 78S, EV 93.1 MPH)
Batting: LHB Joel Kunkler 0-0: Swinging Strike
0-1: Ball
1-1: Ball
2-1: Ball
3-1: DOUBLE (Groundball, 3L, EV 105.6 MPH)
Jason Peck to third
Runner from 3rd tries for Home, SAFE, no throw by RF
Batting: RHB Andy Swaim 0-0: Ball
1-0: Foul Ball, location: 2F
1-1: Ball
2-1: Foul Ball, location: 2F
2-2: Foul Ball, location: 2F
2-2: 2-RUN HOME RUN (Flyball, 8RXD, EV 115.0 MPH), Distance : 452 ft
Batting: LHB Mike Mentzer 0-0: Called Strike
0-1: Ground out 4-3 (Groundball, 4S, EV 94.4 MPH)
Batting: RHB Bob Najar 0-0: Called Strike
0-1: Ball
1-1: SOLO HOME RUN (Flyball, 7LD, EV 91.2 MPH), Distance : 349 ft
Pitching: RHP Raul Almonte
Batting: LHB Bobby Arevalo 0-0: Swinging Strike
0-1: Ball
1-1: Ball
2-1: Ball
3-1: Foul Ball, location: 2F
3-2: Fly out, F9 (Flyball, 9D, EV 101.9 MPH)
Batting: RHB Marlon Reda 0-0: Called Strike
0-1: Foul Ball, location: 2F
0-2: SINGLE (Groundball, 56D, EV 102.5 MPH)
Batting: RHB Katilimomi Kelekolio 0-0: Called Strike
0-1: Fly out, F8 (Flyball, 8RM, EV 93.1 MPH)
Bottom of the 4th over - 4 runs, 5 hits, 0 errors, 1 left on base; San Diego 1 - Arizona 5
TOP OF THE 5TH
San Diego Padres batting - Pitching for Arizona Diamondbacks : RHP Marcus Wolfe
Batting: RHB Masashi Yukizawa 0-0: Ball
1-0: Ball
2-0: Called Strike
2-1: Called Strike
2-2: SINGLE (Groundball, 23, EV 73.8 MPH) (infield hit)
Batting: RHB Hildo Pot 0-0: Ball
1-0: Called Strike
1-1: DOUBLE (Line Drive, 7LM, EV 109.4 MPH)
Masashi Yukizawa to third
Batting: SHB Phil Zacharia 0-0: Foul Ball, location: 2F
0-1: Called Strike
0-2: Ball
1-2: Ball
2-2: Foul Ball, location: 2F
2-2: Foul Ball, location: 2F
2-2: Ball
3-2: Ground out 6-3 (Groundball, 6, EV 86.9 MPH)
Masashi Yukizawa scores
Hildo Pot to third
Batting: RHB Elijah Campbell 0-0: Ball
1-0: Ground out 5-3 (Groundball, 56S, EV 83.8 MPH)
Hildo Pot scores
Batting: LHB Mike Holt 0-0: Ground out 4-3 (Groundball, 13, EV 83.1 MPH)
Top of the 5th over - 2 runs, 2 hits, 0 errors, 0 left on base; San Diego 3 - Arizona 5
BOTTOM OF THE 5TH
Arizona Diamondbacks batting - Pitching for San Diego Padres : RHP Raul Almonte
Batting: LHB Roy Steigerwald 0-0: Ball
1-0: Foul Ball, location: 2F
1-1: Called Strike
1-2: Ball
2-2: Ball
3-2: Ground out 4-3 (Groundball, 34D, EV 102.5 MPH)
Batting: LHB Jason Peck 0-0: Ball
1-0: Ball
2-0: Called Strike
2-1: Ball
3-1: Foul Ball, location: 2F
3-2: Base on Balls
Batting: LHB Joel Kunkler Pickoff Play to 1st, Runner tries for 2nd, OUT after rundown.
0-0: Ball
1-0: Ball
2-0: Foul Ball, location: 2F
2-1: Ball
3-1: Base on Balls
Batting: RHB Andy Swaim 0-0: Ball
1-0: Called Strike
1-1: Foul Ball, location: 2F
1-2: SINGLE (Flyball, 89S, EV 95.0 MPH)
Joel Kunkler to second
Batting: LHB Mike Mentzer 0-0: DOUBLE (Groundball, 3L, EV 101.9 MPH)
Joel Kunkler scores
Andy Swaim to third
Runner from 3rd tries for Home, SAFE, throw by RF to trailing runner, SAFE at third!
Batting: RHB Bob Najar 0-0: Ball
1-0: Ball
2-0: Ball
3-0: Called Strike
3-1: Base on Balls
Pitching: RHP Angelo Radford
Batting: LHB Bobby Arevalo 0-0: Ball
1-0: Called Strike
1-1: Ball
2-1: Swinging Strike
2-2: Strikes out swinging
Bottom of the 5th over - 2 runs, 2 hits, 0 errors, 2 left on base; San Diego 3 - Arizona 7
TOP OF THE 6TH
San Diego Padres batting - Pitching for Arizona Diamondbacks : RHP Marcus Wolfe
Batting: RHB Kaeo Zirpoli 0-0: Ball
1-0: Ball
2-0: Called Strike
2-1: Foul Ball, location: 2F
2-2: SINGLE (Line Drive, 6M, EV 97.5 MPH)
Pitching: RHP Adam Silbert
Batting: RHB Hugo Bautista 0-0: Ball
1-0: DOUBLE (Line Drive, 5D, EV 105.0 MPH)
Kaeo Zirpoli to third
Batting: RHB Luis Torres 0-0: Foul Ball, location: 2F
0-1: Called Strike
0-2: Strikes out swinging
Batting: RHB Eisse Bravenboer 0-0: Foul Ball, location: 2F
0-1: Swinging Strike
0-2: Ball
1-2: Ball
2-2: Strikes out looking
Batting: RHB Masashi Yukizawa 0-0: Called Strike
0-1: Foul Ball, location: 2F
0-2: Foul Ball, location: 2F
0-2: Strikes out swinging
Top of the 6th over - 0 runs, 2 hits, 0 errors, 2 left on base; San Diego 3 - Arizona 7
BOTTOM OF THE 6TH
Arizona Diamondbacks batting - Pitching for San Diego Padres : RHP Angelo Radford
Batting: RHB Marlon Reda 0-0: Called Strike
0-1: Ball
1-1: Foul Ball, location: 2F
1-2: Ball
2-2: Ground out 4-3 (Groundball, 4S, EV 67.5 MPH)
Batting: RHB Katilimomi Kelekolio 0-0: Called Strike
0-1: Foul Ball, location: 2F
0-2: Ball
1-2: Ball
2-2: Foul Ball, location: 2F
2-2: Foul Ball, location: 2F
2-2: Ball
3-2: Foul Ball, location: 2F
3-2: Ground out 6-3 (Groundball, 6, EV 100.6 MPH)
Batting: LHB Roy Steigerwald 0-0: Called Strike
0-1: Ball
1-1: Foul Ball, location: 2F
1-2: Strikes out looking
Bottom of the 6th over - 0 runs, 0 hits, 0 errors, 0 left on base; San Diego 3 - Arizona 7
TOP OF THE 7TH
San Diego Padres batting - Pitching for Arizona Diamondbacks : RHP Adam Silbert
Batting: RHB Hildo Pot 0-0: Called Strike
0-1: Ball
1-1: Ball
2-1: Ball
3-1: Base on Balls
Batting: SHB Phil Zacharia 0-0: Called Strike
0-1: Ball
1-1: Foul Ball, location: 2F
1-2: Foul Ball, location: 2F
1-2: Foul Ball, location: 2F
1-2: Ball
2-2: Ball
3-2: Base on Balls
Hildo Pot to second
Batting: RHB Elijah Campbell 0-0: Foul Ball, location: 2F
0-1: Foul Ball, location: 2F
0-2: Foul Ball, location: 2F
0-2: Foul Ball, location: 2F
0-2: Ball
1-2: Strikes out looking
Batting: LHB Mike Holt 0-0: Ball
1-0: Ball
2-0: Fly out, F7 (Line Drive, 7, EV 91.2 MPH)
Batting: RHB Kaeo Zirpoli 0-0: DOUBLE (Groundball, 5L, EV 107.5 MPH)
Hildo Pot scores
Phil Zacharia to third
Batting: RHB Hugo Bautista 0-0: Ball
1-0: Called Strike
1-1: Foul Ball, location: 2F
1-2: Fly out, F2 (Popup, 23F, EV 86.2 MPH)
Top of the 7th over - 1 run, 1 hit, 0 errors, 2 left on base; San Diego 4 - Arizona 7
BOTTOM OF THE 7TH
Arizona Diamondbacks batting - Pitching for San Diego Padres : RHP Angelo Radford
Batting: LHB Jason Peck 0-0: Ball
1-0: Ball
2-0: Swinging Strike
2-1: Foul Ball, location: 2F
2-2: Strikes out swinging
Batting: LHB Joel Kunkler 0-0: Ground out U3 (Groundball, 3, EV 102.5 MPH)
Batting: RHB Andy Swaim 0-0: TRIPLE (Flyball, 89XD, EV 90.6 MPH)
Batting: LHB Mike Mentzer 0-0: Ball
1-0: Called Strike
1-1: Ball
2-1: Called Strike
2-2: Foul Ball, location: 2F
2-2: Strikes out swinging
Bottom of the 7th over - 0 runs, 1 hit, 0 errors, 1 left on base; San Diego 4 - Arizona 7
TOP OF THE 8TH
San Diego Padres batting - Pitching for Arizona Diamondbacks : RHP Adam Silbert
Pitching: RHP Stanford Placard
Batting: RHB Luis Torres 0-0: Ball
1-0: Ball
2-0: Called Strike
2-1: Ball
3-1: SINGLE (Line Drive, 9S, EV 90.6 MPH)
Batting: RHB Eisse Bravenboer 0-0: Ball
1-0: Ball
2-0: Ball
3-0: Called Strike
3-1: Swinging Strike
3-2: Ground out 4-3 (Groundball, 4S, EV 70.0 MPH)
Luis Torres to second
Batting: RHB Masashi Yukizawa 0-0: Ball
1-0: Called Strike
1-1: Fly out, F7 (Line Drive, 7, EV 88.1 MPH)
Batting: RHB Hildo Pot 0-0: Called Strike
0-1: Swinging Strike
0-2: Foul Ball, location: 2F
0-2: Foul Ball, location: 2F
0-2: Ball
1-2: Strikes out swinging
Top of the 8th over - 0 runs, 1 hit, 0 errors, 1 left on base; San Diego 4 - Arizona 7
BOTTOM OF THE 8TH
Arizona Diamondbacks batting - Pitching for San Diego Padres : RHP Angelo Radford
Pitching: RHP Nate Mull
Batting: RHB Bob Najar 0-0: Ball
1-0: Called Strike
1-1: Foul Ball, location: 2F
1-2: Ground out 6-3 (Groundball, 6, EV 83.8 MPH)
Batting: LHB Bobby Arevalo 0-0: Ball
1-0: Ball
2-0: Foul Ball, location: 2F
2-1: Foul Ball, location: 2F
2-2: Foul Ball, location: 2F
2-2: Ball
3-2: Foul Ball, location: 2F
3-2: Foul Ball, location: 2F
3-2: Fly out, F9 (Flyball, 9, EV 82.5 MPH)
Batting: RHB Marlon Reda 0-0: Called Strike
0-1: Fly out, F8 (Flyball, 8LXD, EV 108.8 MPH)
Bottom of the 8th over - 0 runs, 0 hits, 0 errors, 0 left on base; San Diego 4 - Arizona 7
TOP OF THE 9TH
San Diego Padres batting - Pitching for Arizona Diamondbacks : RHP Stanford Placard
Pitching: LHP Chris Baran
Batting: SHB Phil Zacharia 0-0: Ball
1-0: Ball
2-0: Ball
3-0: Base on Balls
Batting: RHB Elijah Campbell 0-0: Called Strike
0-1: Foul Ball, location: 2F
0-2: Ball
1-2: Foul Ball, location: 2F
1-2: Strikes out swinging
Pinch Hitting: RHB Wally Cangro 0-0: Grounds into double play, 5-4-3 (Groundball, 5S, EV 85.0 MPH)
Top of the 9th over - 0 runs, 0 hits, 0 errors, 0 left on base; San Diego 4 - Arizona 7
Tuesday, March 28th , 2023 - OOTP Baseball 23.10 Build 110